 Dungeon Crawl Stone Soup version 0.27.1-4-g1640c2035a (webtiles) character file.

Game seed: 8592212402589986322

5793 pkoi the Martial Artist (level 10, 0/88 HPs)
             Began as a Troll Monk on Nov 4, 2021.
             Was a Priest of Jiyva.
             Slain by a cane toad (12 damage)
             ... on level 1 of the Lair of Beasts on Nov 5, 2021.
             The game lasted 00:16:19 (8102 turns).

pkoi the Martial Artist (Troll Monk)                Turns: 8102, Time: 00:16:20

Health: 0/88       AC:  5    Str: 15    XL:     10   Next: 50%
Magic:  9/9        EV: 13    Int:  9    God:    Jiyva [***...]
Gold:   735        SH:  0    Dex: 18    Spells: 9/9 levels left

rFire    . . .     SeeInvis .     - Unarmed
rCold    . . .     Faith    .   (no shield)
rNeg     + . .     Spirit   .   a - +1 robe
rPois    +         Reflect  .   (helmet restricted)
rElec    +         Harm     .   (no cloak)
rCorr    +         Rampage  .   (gloves unavailable)
Will     .....                  (boots unavailable)
Stlth    ++........             (no amulet)
HPRegen  1.24/turn              j - ring of poison resistance
MPRegen  0.11/turn              c - ring of positive energy

@: lethally poisoned (0 -> 0)
A: large, unfitting armour, claws 3, regeneration 1, shaggy fur 1, tough skin 1,
electricity resistance
a: Renounce Religion, Request Jelly


You were on level 1 of the Lair of Beasts.
You worshipped Jiyva.
Jiyva was most pleased with you.
You visited 3 branches of the dungeon, and saw 11 of its levels.

You collected 761 gold pieces.
You spent 26 gold pieces at shops.

Inventory:

Missiles
 b - 5 throwing nets (quivered)
Armour
 a - a +1 robe (worn)
Jewellery
 c - a ring of positive energy (right claw)
 j - a ring of poison resistance (left claw)
 k - an amulet of faith
Wands
 l - a wand of polymorph (9)
 o - a wand of flame (36)
Scrolls
 e - 2 scrolls of teleportation
 r - a scroll of identify
Potions
 d - a potion of curing
 f - 2 potions of flight
 g - a potion of cancellation
 h - 4 potions of might
 i - a potion of lignification {unknown}
 m - a potion of invisibility
 n - a potion of magic {unknown}
 q - 2 potions of heal wounds


   Skills:
 + Level 2.5 Fighting
 + Level 6.3 Dodging
 - Level 1.0 Stealth
 * Level 13.0 Unarmed Combat
 - Level 4.0 Evocations


You had 9 spell levels left.
You didn't know any spells.
Your spell library contained the following spells:

 Spells                   Type           Power      Damage    Failure   Level
 Animate Skeleton         Necr           0%         N/A       38%         1
 Pain                     Necr           0%         1d4       38%         1
 Sting                    Tmut/Pois      0%         1d3       38%         1
 Poisonous Vapours        Pois/Air       0%         N/A       52%         2
 Conjure Flame            Conj/Fire      0%         6-21      77%         3
 Gell's Gravitas          Tloc           0%         N/A       77%         3
 Ignite Poison            Fire/Tmut/Pois 0%         N/A       77%         3
 Inner Flame              Hex/Fire       0%         N/A       77%         3
 Teleport Other           Tloc           0%         N/A       77%         3
 Vampiric Draining        Necr           0%         2d6       77%         3
 Cause Fear               Hex            0%         N/A       99%         4
 Olgreb's Toxic Radiance  Pois           0%         N/A       99%         4
 Sticky Flame             Conj/Fire      0%         2d3       99%         4
 Dispersal                Tloc           0%         N/A       100%        6
 Discord                  Hex            0%         N/A       100%        8


Dungeon Overview and Level Annotations

Branches:
Dungeon (9/15)             Temple (1/1) D:6            Lair (1/6) D:8
    Orc: D:9-12

Altars:
Ashenzari
Dithmenos
Elyvilon
Fedhas
Gozag
Hepliaklqana
Kikubaaqudgha
Nemelex Xobeh
Okawaru
Qazlal
Ru
Sif Muna
Trog
Uskayaw
Vehumet
Wu Jian
Xom
Yredelemnul
Zin
Jiyva

Shops:
D:6 !

Annotations:
D:5 1 runed translucent door, MechaKamiliLaw's ghost, novice DESu


Innate Abilities, Weirdness & Mutations

You are too large for most types of armour.
You have claws for hands.
Your natural rate of healing is unusually fast.
You are covered in fur. (AC +1)
You have tough skin. (AC +1)
You are resistant to electric shocks. (rElec)


Message History

You closely miss the bullfrog.
The bullfrog is lightly wounded.
The bullfrog hits you!
You scratch the bullfrog. Your claw misses the bullfrog.
The bullfrog is lightly wounded.
The bullfrog hits you.
You mangle the bullfrog!!
You kill the bullfrog!
You claw the cane toad!
The cane toad is moderately wounded.
The cane toad completely misses you.
You scratch the cane toad.
The cane toad is moderately wounded.
The cane toad stings you!
You claw the cane toad!
The cane toad is severely wounded.
You scratch the cane toad.
The cane toad is almost dead.
The cane toad stings you!
You are poisoned.
The cane toad poisons you!
You closely miss the cane toad.
The cane toad is almost dead.
You feel very sick. The cane toad misses you.
You barely miss the cane toad.
The cane toad is almost dead.
You feel sick. The cane toad stings you!!
* * * LOW HITPOINT WARNING * * *
You barely miss the cane toad.
The cane toad is almost dead.
You feel sick. The cane toad stings you!
* * * LOW HITPOINT WARNING * * *
You scratch the cane toad.
The cane toad is almost dead.
You feel sick. The cane toad misses you.
You barely miss the cane toad.
The cane toad is almost dead.
You feel sick. The cane toad stings you!
You die...

###.## ##.## . #.J## ..
##..# ... #..## #..
##... #..
#############....
##..###.##.............
#....F@........###.#.#.
#.....###########
###### #.....# # #.....
#.... #...F #... ##..


You could see a cane toad.

Vanquished Creatures
  A two-headed ogre (D:9)
  3 cane toads (Lair:1)
  2 komodo dragons (D:8)
  2 blink frogs (Lair:1)
  A shadow (D:9)
  2 basilisks (Lair:1)
  Edmund (D:6)
  5 water moccasins
  2 sky beasts
  3 orc warriors
  An ice beast (D:6)
  A black bear (D:6)
  4 ogres
  A centaur (D:7)
  4 kobold brigands
  2 bullfrogs
  2 gnoll sergeants
  4 scorpions
  A killer bee (D:8)
  2 electric eels
  2 gnoll shamans
  2 hounds (D:6)
  A bullfrog skeleton (D:5)
  Jessica (D:2)
  An iguana (D:5)
  3 orc wizards
  Ijyb (D:4)
  A killer bee zombie (D:6)
  A howler monkey zombie (D:9)
  6 adders
  13 gnolls
  An ufetubus (D:6)
  3 worms
  5 dart slugs
  12 orcs
  9 ball pythons
  3 endoplasms
  3 giant cockroaches
  8 goblins
  8 hobgoblins
  6 quokkas
  4 bats
  3 frilled lizards
  24 kobolds
  5 rats
170 creatures vanquished.

Vanquished Creatures (others)
  A cane toad (Lair:1)
  A rime drake (Lair:1)
  A blink frog (Lair:1)
  A slime creature (Lair:1)
  A sky beast (D:6)
  4 bullfrogs
  4 scorpions
  2 howler monkeys (D:7)
  3 centaur zombies
  A bullfrog skeleton (D:7)
  A centaur skeleton (D:7)
  25 jellies
  A gnoll shaman (D:7)
  A scorpion zombie (D:3)
  6 gnolls
  A white imp (D:6)
  2 orcs (D:9)
  An endoplasm (D:8)
  24 fungi
  44 plants
  6 withered plants (D:5)
131 creatures vanquished.

Grand Total: 301 creatures vanquished

Notes
Turn   | Place    | Note
-------+----------+-------------------------------------------
     0 | D:1      | pkoi the Troll Monk began the quest for the Orb.
     0 | D:1      | Reached XP level 1. HP: 22/22 MP: 0/0
   120 | D:1      | Reached XP level 2. HP: 24/29 MP: 1/1
   198 | D:1      | Reached skill level 4 in Unarmed Combat
   463 | D:1      | Reached XP level 3. HP: 32/36 MP: 2/2
  1148 | D:2      | Noticed Jessica
  1152 | D:2      | Killed Jessica
  1153 | D:2      | Reached skill level 5 in Unarmed Combat
  1153 | D:2      | Reached XP level 4. HP: 34/44 MP: 3/3
  1295 | D:2      | Found a faded altar of an unknown god.
  1300 | D:2      | Became a worshipper of Jiyva Jubbew the Shapeless
  1300 | D:2      | Reached * piety under Jiyva
  1300 | D:2      | Reached ** piety under Jiyva
  1832 | D:3      | Reached *** piety under Jiyva
  2474 | D:4      | Reached skill level 6 in Unarmed Combat
  2474 | D:4      | Reached XP level 5. HP: 47/50 MP: 4/4
  2496 | D:4      | Noticed Ijyb
  2524 | D:4      | Killed Ijyb
  2872 | D:5      | Entered Level 5 of the Dungeon
  2872 | D:5      | Noticed an ogre
  2875 | D:5      | Killed an ogre
  2876 | D:5      | Reached skill level 7 in Unarmed Combat
  2876 | D:5      | Reached XP level 6. HP: 59/59 MP: 5/5
  2910 | D:5      | Found a runed translucent door.
  2914 | D:5      | Noticed MechaKamiliLaw's ghost (novice DESu)
  3117 | D:5      | Noticed a water moccasin
  3124 | D:5      | Killed a water moccasin
  3125 | D:5      | Reached skill level 8 in Unarmed Combat
  3125 | D:5      | Reached XP level 7. HP: 55/66 MP: 6/6
  3475 | D:5      | Found a blossoming altar of Fedhas.
  3475 | D:5      | Found an ancient bone altar of Kikubaaqudgha.
  3616 | D:5      | Gained mutation: You are resistant to electric shocks.
                  | (rElec) [Jiyva's grace]
  3934 | D:6      | Reached skill level 9 in Unarmed Combat
  3955 | D:6      | Found Qyaroe's Distillery.
  3964 | D:6      | Bought 2 potions of degeneration for 26 gold pieces
  3999 | D:6      | Reached skill level 1 in Evocations
  3999 | D:6      | Reached XP level 8. HP: 38/74 MP: 7/7
  4015 | D:6      | Identified a scroll of acquirement
  4015 | D:6      | Acquired 472 gold pieces
  4096 | D:6      | Reached **** piety under Jiyva
  4195 | D:6      | Found a staircase to the Ecumenical Temple.
  4242 | D:6      | Gained mutation: Your translucent skin slightly reduces
                  | your foes' accuracy. (Stealth+) [Jiyva's grace]
  4365 | D:6      | Found a sparkling altar of Nemelex Xobeh.
  4426 | D:6      | Noticed Edmund
  4442 | D:6      | Killed Edmund
  4443 | D:6      | Reached skill level 10 in Unarmed Combat
  4477 | D:6      | Found a sacrificial altar of Ru.
  5046 | Temple   | Entered the Ecumenical Temple
  5187 | D:7      | Found an ornate altar of the Wu Jian Council.
  5343 | D:7      | Reached ***** piety under Jiyva
  5344 | D:7      | Gained mutation: You have supernaturally acute eyesight.
                  | (SInv) [Jiyva's grace]
  5433 | D:7      | Found a stormy altar of Qazlal.
  5905 | D:8      | Reached XP level 9. HP: 67/80 MP: 8/8
  5965 | D:8      | Lost mutation: Your translucent skin slightly reduces your
                  | foes' accuracy. (Stealth+) [Jiyva's grace]
  6060 | D:8      | Noticed a komodo dragon
  6075 | D:8      | Killed a komodo dragon
  6130 | D:8      | Reached skill level 11 in Unarmed Combat
  6176 | D:8      | Found an iron altar of Okawaru.
  6176 | D:8      | Noticed Prince Ribbit
  6197 | D:8      | Slimified Prince Ribbit
  6197 | D:8      | Noticed Prince Ribbit
  6197 | D:8      | Prince Ribbit changed into Prince Ribbit the endoplasm
  6224 | D:8      | Killed Prince Ribbit the endoplasm
  6364 | D:8      | Noticed a komodo dragon
  6372 | D:8      | Killed a komodo dragon
  6427 | D:8      | Found a staircase to the Lair.
  6539 | D:9      | Reached skill level 5 in Dodging
  6602 | D:9      | Noticed a two-headed ogre
  6609 | D:9      | Killed a two-headed ogre
  6678 | D:9      | Found a hazy altar of Hepliaklqana.
  6715 | D:9      | Noticed Harold
  6730 | D:9      | Slimified Harold
  6730 | D:9      | Noticed Harold
  6730 | D:9      | Harold changed into Harold the slime creature
  6762 | D:9      | Lost mutation: You have supernaturally acute eyesight.
                  | (SInv) [Jiyva's grace]
  6792 | D:9      | Reached skill level 12 in Unarmed Combat
  6876 | D:9      | Reached XP level 10. HP: 84/88 MP: 9/9
  7084 | D:9      | Found the +2 shield of Resistance {rF++ rC++ Will++}
  7513 | Lair:1   | Entered Level 1 of the Lair of Beasts
  7513 | Lair:1   | Noticed a cane toad
  7516 | Lair:1   | Killed a cane toad
  7550 | Lair:1   | Noticed an eight-headed hydra
  7553 | Lair:1   | Slimified an eight-headed hydra
  7553 | Lair:1   | Noticed an azure jelly
  7553 | Lair:1   | an eight-headed hydra changed into an azure jelly
  7622 | Lair:1   | Noticed an eight-headed hydra
  7625 | Lair:1   | Slimified an eight-headed hydra
  7625 | Lair:1   | Noticed an acid blob
  7625 | Lair:1   | an eight-headed hydra changed into an acid blob
  7669 | Lair:1   | Killed a cane toad
  7671 | Lair:1   | Noticed a cane toad
  7686 | Lair:1   | Slimified a cane toad
  7686 | Lair:1   | a cane toad changed into a slime creature
  7771 | Lair:1   | Noticed a cane toad
  7780 | Lair:1   | Killed a cane toad
  7802 | Lair:1   | Noticed a five-headed hydra
  7803 | Lair:1   | Noticed a cane toad
  7844 | Lair:1   | Slimified a five-headed hydra
  7844 | Lair:1   | a five-headed hydra changed into a slime creature
  7856 | Lair:1   | Killed a cane toad
  7954 | Lair:1   | Reached skill level 13 in Unarmed Combat
  8087 | Lair:1   | Noticed a cane toad
  8102 | Lair:1   | Slain by a cane toad

Illustrated notes

Levels and vault maps discovered:
D:1:      denvon_arrival_planthouse, layout_basic
D:2:      layout_loops_ring, shapermc_ecumenical_altar_mp_urbaneastern,
          uniq_jessica
D:3:      layout_loops_cross
D:4:      layout_basic, uniq_ijyb
D:5:      layout_loops_corners, grunt_temple_overflow_growth_and_decay,
          ebering_ghost_sewer_d
D:6:      wad_river_or_something, layout_gridville, temple_statues,
          serial_shops, shop, hangedman_feature_mirror, bh_walls_and_bars,
          uniq_edmund
D:7:      layout_gridville, mainiacjoe_overflow_alcove_4,
          mainiacjoe_overflow_boulevard
D:8:      layout_rooms, okawaru_metal_pillars_1_2,
          grunt_lair_entry_orc_guard_hut, kennysheep_generic_room_12,
          uniq_prince_ribbit1
D:9:      layout_basic, mainiacjoe_overflow_paths, uniq_harold
Temple:   cyrus_circular_temple
Lair:1:   layout_cave_pods

Skill      XL: |  1  2  3  4  5  6  7  8  9 10 |
---------------+-------------------------------+-----
Unarmed Combat | 4 5 6 7 8 9 10 12 13 | 13.0
Evocations     | 1 2 4 |  4.0
Dodging        | 4 5 6 |  6.3
Fighting       | |  2.5
Stealth        | |  1.0

Action                   |  1- 3 |  4- 6 |  7- 9 | 10-12 || total
-------------------------+-------+-------+-------+-------++-------
Melee: Unarmed           |   107 |    91 |   276 |    69 ||   543
       Punch             |     1 |     1 |    17 |     3 ||    22
Invok: Slimify           |       |       |     3 |     4 ||     7
  Use: Scroll            |       |       |    10 |     1 ||    11
       Potion            |       |       |     2 |       ||     2
 Stab: Sleeping          |     4 |     2 |     2 |     2 ||    10
Armor: Robe              |    41 |    10 |    62 |    10 ||   123
Dodge: Dodged            |    43 |    41 |   132 |    25 ||   241
